 Dungeon Crawl Stone Soup version 0.21-a0-401-g0b6bec4 (console) character file.

396709 Lasty the Bludgeoner (level 22, -3/175 HPs)
             Began as a Mummy Summoner on Oct 18, 2017.
             Was a Priest of Cheibriados.
             Splashed by a caustic shrike's acid (9 damage)
             ... on level 4 of the Depths on Oct 22, 2017.
             The game lasted 03:40:31 (64321 turns).

Lasty the Bludgeoner (Mummy Summoner)              Turns: 64321, Time: 03:40:32

Health: -3/175     AC: 32    Str: 18    XL:     22   Next: 20%
Magic:  19/42      EV: 21    Int: 35    God:    Cheibriados [***...]
Gold:   1132       SH:  7    Dex: 25    Spells: 3/53 levels left

rFire    + . .     SeeInvis .   a - +8 eveningstar (flame)
rCold    + + .     Gourm    .   B - +1 buckler {AC+3}
rNeg     + + +     Faith    .   y - +6 scale mail of the Wumpus {Int+3 Slay+6}
rPois    ∞         Spirit   .   r - +2 helmet
rElec    +         Reflect  .   W - +2 cloak {rC+}
rCorr    .         Harm     .   l - +2 pair of gloves {Dex+3}
MR       ++...                  v - +2 pair of boots {Stlth+}
Stlth    ++........             t - amulet of regeneration
HPRegen  0.79/turn              K - +4 ring of slaying
MPRegen  0.28/turn              s - ring "Zueduth" {rElec rPois rF++ Str-2 Dex+2, =R}

@: very slow
A: no food or potions, fire vulnerability, cold resistance 1, negative energy
resistance 3, torment resistance, unbreathing, in touch with death 1
}: 2/15 runes: serpentine, barnacled
a: Bend Time, Temporal Distortion, Renounce Religion


You were on level 4 of the Depths.
You worshipped Cheibriados.
Cheibriados was most pleased with you.
You were not hungry.

You visited 8 branches of the dungeon, and saw 40 of its levels.
You also visited: Trove and Ice Cave.

You collected 7539 gold pieces.
You spent 6407 gold pieces at shops.


Innate Abilities, Weirdness & Mutations

You do not eat or drink.
Your flesh is vulnerable to fire.
You are immune to poison.
Your flesh is cold resistant. (rC+)
You are immune to negative energy. (rN+++)
You are immune to unholy pain and torment.
You can survive without breathing.
You are in touch with the powers of death.


   Skills:
 - Level 15.0 Fighting
 - Level 16.0 Maces & Flails
 - Level 11.0 Armour
 + Level 13.1 Dodging
 - Level 1.5 Stealth
 - Level 4.0 Shields
 - Level 16.0 Spellcasting
 - Level 5.0 Hexes
 + Level 13.0 Summonings
 - Level 13.0 Necromancy
 - Level 10.0 Invocations


You had 3 spell levels left.
You knew the following spells:

 Your Spells              Type           Power        Failure   Level  Hunger
a - Summon Small Mammal   Summ           ####         0%          1    N/A
b - Blink                 Tloc           N/A          4%          2    N/A
d - Call Canine Familiar  Summ           #######.     1%          3    N/A
e - Dispel Undead         Necr           ########     1%          5    N/A
f - Summon Lightning Spi  Summ/Air       ######..     2%          4    N/A
g - Excruciating Wounds   Chrm/Necr      #######...   6%          5    N/A
q - Confuse               Hex            ######..     1%          3    N/A
s - Call Imp              Summ           #######.     1%          2    N/A
w - Fulminant Prism       Conj/Hex       #####.....   12%         4    N/A
A - Summon Ice Beast      Ice/Summ       ######..     2%          4    N/A
D - Shadow Creatures      Summ           N/A          2%          6    N/A
Q - Haunt                 Necr/Summ      ########..   13%         7    N/A
S - Cause Fear            Hex            ######....   4%          4    N/A

Inventory:

Hand Weapons
 a - a +8 eveningstar of flaming (weapon)
   (You bought it in a shop on level 1 of the Snake Pit)
 H - a +0 blowgun
Missiles
 k - 30 javelins (quivered)
 o - 7 throwing nets
 I - 4 curare-tipped needles
Armour
 l - a +2 pair of gloves of dexterity (worn)
   (You bought it in a shop on level 3 of the Shoals)
 r - a +2 helmet (worn)
 v - a +2 pair of boots of stealth (worn)
   (You bought it in a shop on level 1 of the Snake Pit)
 y - the +6 scale mail of the Wumpus (worn) {Int+3 Slay+6}
   (You found it in a treasure trove)

   It affects your intelligence (+3).
   It affects your accuracy and damage with ranged weapons and melee attacks
   (+6).
 B - a +1 buckler of protection (worn)
   (You took it off a tengu reaver on level 1 of the Vaults)
 C - a +0 helmet of see invisible
   (You bought it in a shop on level 2 of the Orcish Mines)
 D - the +5 ring mail "Peso" {rC+ rN+ MR+ Str+2}
   (You bought it in a shop on level 2 of the Orcish Mines)

   It affects your strength (+2).
   It protects you from cold.
   It protects you from negative energy.
   It affects your resistance to hostile enchantments.
 W - a +2 cloak of cold resistance (worn)
   (You found it in an ice cave)
 X - a +1 large shield of cold resistance
   (You found it in an ice cave)
Magical Staves
 c - an uncursed staff of wizardry
 h - an uncursed staff of death
Jewellery
 e - an uncursed ring of protection from cold {unknown}
 f - an uncursed ring of wizardry
 j - a +4 ring of evasion
 m - the ring of Shadows {Umbra +Inv Stlth+}
   (You took it off a yaktaur on level 1 of the Vaults)

   [ring of stealth]

   It lets you turn invisible.
   It makes you more stealthy.
 p - an uncursed ring of flight
 q - the ring of Nuclikua {Fire rElec MR+++ Int-4, unknown}
   (You found it in a treasure trove)

   [ring of fire]

   It enhances your fire magic.
   It affects your intelligence (-4).
   It protects you from fire.
   It makes you vulnerable to cold.
   It insulates you from electricity.
   It affects your resistance to hostile enchantments.
 s - the ring "Zueduth" (right hand) {rElec rPois rF++ Str-2 Dex+2, =R}
   (You found it on level 1 of the Vaults)

   [ring of dexterity]

   It affects your strength (-2).
   It affects your dexterity (+2).
   It greatly protects you from fire.
   It insulates you from electricity.
   It protects you from poison.
 t - an amulet of regeneration (around neck)
 A - the ring "Xutyf" {rC- Int+7 Stlth-}
   (You found it on level 2 of the Depths)

   [ring of loudness]

   It affects your intelligence (+7).
   It makes you vulnerable to cold.
   It makes you less stealthy.
 K - a +4 ring of slaying (left hand)
 Y - an uncursed ring of resist corrosion
Wands
 n - a wand of digging (9/24)
 E - a wand of clouds (0/9)
 F - a wand of acid (2/15)
 G - a wand of digging (8/24)
 L - a wand of iceblast (0/15)
 O - a wand of enslavement (12/24)
 Q - a wand of enslavement (8/24)
Scrolls
 d - a scroll of identify
 g - 8 scrolls of teleportation {!r}
 i - 3 scrolls of vulnerability {!r!r}
 x - a scroll of torment {!r}
 M - 4 scrolls of immolation {!r}
 N - 2 scrolls of fog
 S - 8 scrolls of magic mapping {!r}
 T - 11 scrolls of recharging
 U - a scroll of fear {!r}
 V - 13 scrolls of remove curse
Books
 u - a Necronomicon

   Spells                             Type                      Level
   a - Haunt                          Necromancy/Summoning         7
   b - Borgnjor's Revivification      Necromancy                   8
   c - Death's Door                   Charms/Necromancy            8
   d - Infestation                    Necromancy                   8
   e - Necromutation                  Transmutation/Necromancy     8
 P - a book of Necromancy

   Spells                             Type                      Level
   a - Pain                           Necromancy                   1
   b - Animate Skeleton               Necromancy                   1
   c - Vampiric Draining              Necromancy                   3
   d - Regeneration                   Charms/Necromancy            3
   e - Animate Dead                   Necromancy                   4
   f - Control Undead                 Necromancy                   4
Miscellaneous
 b - a sack of spiders
 w - a lamp of fire
 J - a box of beasts
 R - a fan of gales


Message History

Your ice dragon is splashed with acid.
The acid corrodes your ice dragon!
Your ice dragon tramples the caustic shrike.
The caustic shrike is shoved backwards!
Unknown command.
Okay, then.
The floating eye changes into a redback!
The caustic shrike claws your ice dragon!!
Your ice dragon is splashed with acid.
The caustic shrike claws your ice dragon!!
Your ice dragon is splashed with acid.
Your ice dragon dies!
Unknown command.
Aiming: Confuse
Aim: a redback shaped shifter (chance to defeat MR: 76%)
The redback barely resists.
The redback changes into a torpor snail!
A shadow dragon comes into view.
Aiming: Confuse
Aim: a torpor snail shaped shifter (moderately wounded, chance to defeat MR: 60%)
The torpor snail appears confused.
Your quicksilver dragon breathes dispelling energy at the torpor snail.
The bolt of dispelling energy hits the torpor snail.
The torpor snail's magical effects unravel!
The shadow dragon moves out of view.
The caustic shrike claws your glowing orange brain!
Your glowing orange brain is splashed with acid.
The acid corrodes your glowing orange brain!
You hear a shout! x2
Unknown command.
You are no longer corroded.
The torpor snail changes into a wolf spider!
The caustic shrike claws your glowing orange brain.
Your glowing orange brain is splashed with acid.
The acid corrodes your glowing orange brain!
Your quicksilver dragon breathes dispelling energy at the wolf spider.
The bolt of dispelling energy hits the wolf spider.
The caustic shrike claws your glowing orange brain!
Your glowing orange brain is splashed with acid.
The acid corrodes your glowing orange brain!
The caustic shrike claws your glowing orange brain!!
Your glowing orange brain dies!
You hear a shout!
There is an open door here.
Unknown command.
You hear a shout!
The wolf spider changes into an ice dragon!
The caustic shrike claws you.
* * * LOW HITPOINT WARNING * * *
You are splashed with acid!
The acid burns!
You die...

[.. ##HcQ# .O.
#....# . (.
##(#.(# ..
#######T#####
...##[...:##..###
..........#....#
##...D...##t###
#...D♣[...#...#
##..D...@##..##
#.......b..##
##.....##§.###
###...#.....#
##...........#
#....)......##
##...))...R..#
#+###............#
.
..)....)##.§.#..##


You could see a shadow dragon, a caustic shrike, an ice dragon shaped shifter
and a friendly quicksilver dragon.

Vanquished Creatures
  An ancient lich (Depths:2)
  A greater mummy (Depths:3)
  Sojobo (Vaults:2)
  Saint Roka (Depths:2)
  Vashnia (Snake:4)
  A caustic shrike (Depths:3)
  3 golden dragons
  Jorgrun (Shoals:2)
  3 liches (Depths:3)
  3 tentacled monstrosities
  A titan (Depths:3)
  A sphinx (Depths:3)
  3 storm dragons
  5 tengu reavers
  10 nagarajas
  3 fire giants
  Ilsuiw (Shoals:4)
  Kirke (D:14)
  An azure jelly (shapeshifter) (Depths:3)
  7 frost giants
  8 vault wardens
  2 iron dragons
  A caustic shrike zombie (Depths:3)
  9 very ugly things
  15 stone giants
  A spriggan defender (Depths:4)
  2 war gargoyles (Depths:2)
  11 ironheart preservers
  2 deep elf annihilators (Vaults:3)
  A dire elephant (shapeshifter) (Depths:3)
  Azrael (D:12)
  6 merfolk javelineers (Shoals:4)
  Snorg (Lair:5)
  A white draconian (IceCv)
  10 yaktaur captains
  4 ettins
  A crystal guardian (Depths:2)
  A great orb of eyes (Vaults:2)
  3 merfolk impalers
  A great orb of eyes (shapeshifter) (Depths:2)
  7 vault guards
  8 naga warriors
  A monstrous demonspawn (Depths:3)
  4 rakshasas
  6 ice dragons
  6 fire dragons
  2 spriggan air magi
  4 hydras
  A catoblepas (Shoals:4)
  9 anacondas
  36 two-headed ogres
  10 centaur warriors
  13 ogre magi
  2 dancing weapons (D:13)
  4 tengu warriors (Depths:2)
  7 deep troll earth magi
  2 death knights
  A satyr (Shoals:3)
  9 deep troll shamans
  A queen ant (Lair:2)
  3 spriggan berserkers
  8 death yaks
  A titan zombie (Depths:3)
  3 naga sharpshooters (Snake:4)
  2 vampire magi (Depths:1)
  A hell knight (Depths:3)
  2 shock serpents
  An orc high priest (Orc:1)
  2 deep elf knights
  A titan skeleton (Depths:1)
  3 iron trolls
  A sixfirhy (Depths:3)
  13 skeletal warriors
  4 wizards
  A sea snake (shapeshifter) (Vaults:4)
  2 flayed ghosts
  15 deep trolls
  A shadow demon (Depths:3)
  2 unseen horrors
  A sphinx zombie (Depths:3)
  10 naga ritualists
  13 sea snakes
  2 glowing orange brains
  5 harpies
  11 ironbrand convokers
  5 deep elf archers
  A lindwurm (shapeshifter) (Vaults:2)
  8 orc knights
  A shadow dragon zombie (Depths:3)
  An oklob plant (Lair:4)
  The ghost of scalemaster2 the Shield-Bearer, a novice MiFi of Hepliaklqana (D:7)
  12 deep elf magi
  A necromancer (Depths:1)
  2 wolf spiders
  A frost giant zombie (Depths:3)
  A wolf spider zombie (D:14)
  2 orc sorcerers
  11 mana vipers
  2 fire giant zombies (Depths:3)
  5 fauns
  The ghost of Darkuwa the Shield-Bearer, a novice FoFi of Gozag (D:5)
  A cyclops (shapeshifter) (Vaults:1)
  2 salamanders
  4 cyclopes
  An elephant (shapeshifter) (Vaults:2)
  38 ugly things
  9 manticores
  5 elephants (Lair:3)
  A centaur zombie (D:10)
  A sphinx skeleton (Depths:1)
  3 merfolk sirens
  3 guardian serpents (Snake:4)
  23 black mambas
  17 vault sentinels
  10 naga magi
  Psyche (D:12)
  2 ice statues (IceCv)
  4 gargoyles
  A rime drake (shapeshifter) (D:15)
  9 spiny frogs
  2 komodo dragons
  A rime drake (Lair:4)
  2 freezing wraiths
  33 yaktaurs
  2 tengu conjurers (Depths:2)
  An entropy weaver simulacrum (Vaults:1)
  A spriggan skeleton (Depths:1)
  3 guardian mummies (Depths:3)
  2 meliai (shapeshifter)
  20 polar bears
  An ice devil (Depths:1)
  3 trolls
  13 merfolk
  3 wind drakes (Shoals:1)
  A hornet (shapeshifter) (Depths:1)
  2 sphinx simulacra
  8 hornets
  29 slime creatures
  2 dream sheep (Lair:6)
  A raiju (shapeshifter) (Vaults:2)
  8 hippogriffs
  2 fire giant simulacra
  4 snapping turtles
  A frost giant simulacrum (Depths:1)
  3 air elementals (Depths:2)
  5 water elementals
  16 spriggans
  2 wyverns
  A ynoxinul (Depths:3)
  2 fire elementals (D:12)
  39 yaks
  2 hungry ghosts
  2 basilisks
  4 wraiths
  9 hogs
  A human (D:9)
  9 vampire mosquitoes
  Menkaure (D:5)
  A chaos spawn (Depths:3)
  26 nagas
  25 water moccasins
  3 wargs
  An acid dragon (Vaults:1)
  4 soldier ants (Lair:2)
  A soldier ant (shapeshifter) (Vaults:3)
  An acid dragon (shapeshifter) (Vaults:2)
  4 hell hounds (D:12)
  9 porcupines
  6 ice beasts
  43 orc warriors
  3 sky beasts
  5 black bears
  A phantom (D:6)
  A necrophage (D:9)
  31 wolves
  A wolf (shapeshifter) (Depths:3)
  8 boggarts
  31 centaurs
  36 ogres
  6 crocodiles
  A big kobold (D:12)
  16 bullfrogs
  A wyvern zombie (D:12)
  2 earth elementals (Depths:2)
  5 scorpions
  A wyvern skeleton (D:12)
  7 killer bees
  7 howler monkeys
  2 electric eels (Lair:4)
  7 crimson imps
  6 hounds
  A human simulacrum (Vaults:2)
  11 orc priests
  A quasit (D:12)
  5 centaur skeletons
  2 iron imps (Depths:3)
  2 jellies
  3 bullfrog skeletons
  20 orc wizards
  5 iguanas
  A hell rat (D:10)
  27 worker ants
  A hound zombie (D:5)
  2 hound skeletons
  7 mummies (Depths:3)
  A howler monkey zombie (D:7)
  5 gnolls
  20 adders
  A river rat (D:10)
  A shadow imp (D:13)
  A white imp (Depths:3)
  4 ufetubi (Depths:3)
  An adder zombie (D:9)
  6 oozes
  2 adder skeletons
  4 worms
  4 dart slugs
  5 leopard geckos
  90 orcs
  A ball python (D:3)
  A bat skeleton (D:2)
  4 giant cockroaches
  6 goblins
  11 hobgoblins
  4 jackals
  3 quokkas
  A ball python skeleton (D:2)
  13 bats
  4 frilled lizards
  17 kobolds
  A leopard gecko skeleton (D:2)
  A leopard gecko zombie (D:2)
  3 quokka skeletons
  A quokka zombie (D:2)
  9 rats
  A plant (Lair:4)
1418 creatures vanquished.

Vanquished Creatures (collateral kills)
  A juggernaut (Depths:2)
  A golden dragon (Depths:4)
  A lich (Depths:2)
  A sphinx (Vaults:1)
  3 nagarajas
  A fire giant (Depths:3)
  A storm dragon (shapeshifter) (Depths:1)
  2 vault wardens
  Louise (D:14)
  An ironheart preserver (Vaults:2)
  2 very ugly things
  A vampire knight (Depths:3)
  A stone giant (Vaults:2)
  A deep elf annihilator (Depths:3)
  3 ettins
  2 crystal guardians
  2 merfolk javelineers (Shoals:4)
  4 merfolk impalers
  Josephine (D:14)
  2 fire dragons
  2 ice dragons
  A vault guard (Vaults:3)
  2 rakshasas (Depths:1)
  7 naga warriors
  2 hydras
  2 alligator snapping turtles (Shoals:4)
  3 merfolk aquamancers (Shoals:4)
  A centaur warrior (D:15)
  4 anacondas
  A merfolk avatar (Shoals:2)
  3 satyrs
  2 tengu warriors
  7 two-headed ogres
  3 ogre magi
  10 death yaks
  A deep troll shaman (Depths:3)
  7 naga sharpshooters
  A spriggan berserker (Depths:2)
  Sonja (Lair:2)
  6 shock serpents
  A deep elf knight (Vaults:3)
  An iron troll (Depths:2)
  3 skeletal warriors (Vaults:1)
  4 naga ritualists
  An unseen horror (Vaults:1)
  5 deep trolls
  4 sea snakes
  An ironbrand convoker (Vaults:3)
  2 wizards (Vaults:1)
  2 deep elf archers
  10 harpies
  2 deep elf magi (Vaults:4)
  11 fauns
  4 oklob plants
  2 orc sorcerers
  7 ugly things
  3 cyclopes
  3 mana vipers
  5 salamanders
  4 manticores
  10 merfolk sirens
  An elephant (Lair:3)
  2 vault sentinels
  12 black mambas
  4 water nymphs
  7 naga magi
  A spiny frog (Lair:6)
  2 guardian serpents (Snake:4)
  A centaur skeleton (D:14)
  5 rime drakes (Shoals:1)
  A freezing wraith (D:12)
  2 komodo dragons
  6 yaktaurs
  A polar bear (Lair:6)
  13 merfolk
  6 wind drakes
  4 snapping turtles
  A blink frog (Lair:6)
  9 slime creatures
  2 hippogriffs (Shoals:4)
  A spriggan (Lair:6)
  A wyvern (shapeshifter) (Vaults:4)
  A wyvern (Lair:6)
  3 water elementals
  4 yaks
  A basilisk (Lair:4)
  A hungry ghost (D:7)
  2 steam dragons (Shoals:1)
  A hog (shapeshifter) (Vaults:3)
  The ghost of Terrapin the Chucker, an amateur HuWr of Ru (D:3)
  26 nagas
  2 wargs (Depths:2)
  2 acid dragons
  An acid dragon (shapeshifter) (Depths:2)
  4 water moccasins
  4 orc warriors
  A porcupine (Lair:4)
  An ice beast (D:8)
  3 sky beasts
  An eye of draining (D:15)
  6 ogres
  An ettin simulacrum (Vaults:1)
  A boggart (Lair:6)
  2 crocodiles
  4 wolves (Lair:6)
  2 big kobolds
  A killer bee (D:7)
  An electric eel (Snake:4)
  A crimson imp (D:12)
  5 orc priests
  A jelly (D:7)
  A bullfrog skeleton (D:7)
  2 iguanas
  4 orc wizards
  3 worker ants
  10 gnolls
  An adder (Lair:4)
  A shadow imp (D:15)
  2 oozes
  An adder zombie (D:5)
  3 dart slugs
  22 orcs
  A giant cockroach (D:1)
  2 goblins
  6 jackals (D:3)
  A quokka (D:2)
  2 frilled lizards (D:1)
  4 kobolds
  A quokka zombie (D:2)
  3 rats (D:3)
  A fungus (Lair:2)
  2 plants
422 creatures vanquished.

Vanquished Creatures (others)
  A lich (Depths:1)
  A deep elf sorcerer (Depths:2)
  Fannar (Orc:1)
  2 dancing weapons (Depths:2)
  An ugly thing (Depths:2)
  A guardian serpent (Snake:1)
  An orc wizard (D:7)
  2 adders (Lair:4)
  A rat (D:1)
  3 fulminant prisms
  9 fungi
  16 plants
  6 tentacles (Shoals:3)
45 creatures vanquished.

Grand Total: 1885 creatures vanquished

Notes
Turn   | Place    | Note
-------+----------+-------------------------------------------
     0 | D:1      | Lasty the Mummy Summoner began the quest for the Orb.
     0 | D:1      | Reached XP level 1. HP: 13/13 MP: 4/4
    99 | D:1      | Reached skill level 3 in Spellcasting
   249 | D:1      | Reached XP level 2. HP: 19/19 MP: 6/6
   563 | D:1      | Reached skill level 1 in Maces & Flails
   700 | D:1      | Learned a level 2 spell: Call Imp
   720 | D:1      | Reached XP level 3. HP: 23/24 MP: 7/7
   725 | D:1      | Learned a level 3 spell: Call Canine Familiar
  1149 | D:2      | Reached skill level 2 in Maces & Flails
  1859 | D:2      | Reached XP level 4. HP: 28/30 MP: 8/8
  2572 | D:3      | HP: 8/30 [orc/flail (8)]
  2870 | D:3      | Reached skill level 3 in Maces & Flails
  2902 | D:3      | Noticed Terrapin's ghost (amateur HuWr)
  3285 | D:3      | HP: 7/30 [Terrapin's ghost (7)]
  3290 | D:3      | Killed Terrapin's ghost
  3290 | D:3      | Reached XP level 5. HP: 9/35 MP: 1/9
  3311 | D:3      | Reached skill level 4 in Maces & Flails
  4022 | D:3      | Found a faded altar of an unknown god.
  4781 | D:4      | Reached XP level 6. HP: 38/41 MP: 6/10
  5281 | D:4      | Reached skill level 5 in Maces & Flails
  5548 | D:4      | HP: 9/41 [something (4)]
  5893 | D:5      | Entered Level 5 of the Dungeon
  6049 | D:5      | Noticed Darkuwa's ghost (novice FoFi)
  6069 | D:5      | Killed Darkuwa's ghost
  6069 | D:5      | Reached skill level 6 in Maces & Flails
  6069 | D:5      | Reached XP level 7. HP: 23/46 MP: 3/11
  6464 | D:5      | Reached skill level 7 in Maces & Flails
  6485 | D:5      | Found a glowing golden altar of the Shining One.
  6546 | D:5      | Reached skill level 1 in Fighting
  6737 | D:5      | Noticed Menkaure
  6747 | D:5      | Killed Menkaure
  6747 | D:5      | Reached skill level 2 in Fighting
  6747 | D:5      | Reached XP level 8. HP: 33/56 MP: 8/12
  7197 | D:5      | Reached skill level 3 in Fighting
  7442 | D:5      | Found a basalt altar of Yredelemnul.
  7558 | D:6      | Found a stormy altar of Qazlal.
  7900 | D:6      | HP: 17/60 [orc/war axe (7)]
  8200 | D:6      | Reached skill level 4 in Fighting
  8258 | D:6      | Reached skill level 8 in Maces & Flails
  8405 | D:6      | Reached skill level 5 in Fighting
  8414 | D:6      | Learned a level 3 spell: Confuse
  8419 | D:6      | Learned a level 4 spell: Summon Lightning Spire
  8462 | D:6      | Found an ancient bone altar of Kikubaaqudgha.
  8462 | D:6      | Found a shadowy altar of Dithmenos.
  8463 | D:6      | Found a sacrificial altar of Ru.
  8568 | D:6      | Reached XP level 9. HP: 31/68 MP: 3/13
  9124 | D:7      | Reached skill level 6 in Fighting
  9557 | D:7      | Found a staircase to the Ecumenical Temple.
  9570 | Temple   | Entered the Ecumenical Temple
  9578 | Temple   | Became a worshipper of Cheibriados the Contemplative
  9670 | D:7      | Reached skill level 9 in Maces & Flails
  9694 | D:7      | Found a deep blue altar of Sif Muna.
 10009 | D:7      | Found an opulent altar of Gozag.
 10139 | D:7      | Noticed scalemaster2's ghost (novice MiFi)
 10155 | D:7      | Reached skill level 7 in Fighting
 10163 | D:7      | HP: 21/72 [scalemaster2's ghost (1)]
 10164 | D:7      | --wtf
 10164 | D:7      | --oh right
 10164 | D:7      | --Fuck
 10164 | D:7      | HP: 5/72 [scalemaster2's ghost (6)]
 10628 | D:7      | Killed scalemaster2's ghost
 10628 | D:7      | Reached * piety under Cheibriados
 10871 | D:7      | Found a stormy altar of Qazlal.
 10931 | D:8      | Found Taruepea's Jewellery Boutique.
 10939 | D:8      | Bought an uncursed amulet of regeneration for 360 gold pieces
 11014 | D:8      | Noticed a two-headed ogre
 11068 | D:7      | Killed a two-headed ogre
 11068 | D:7      | Reached skill level 8 in Fighting
 11275 | D:8      | Reached XP level 10. HP: 78/80 MP: 8/14
 11295 | D:8      | Reached skill level 10 in Maces & Flails
 11544 | D:6      | Found an ornate altar of the Wu Jian Council.
 11980 | D:8      | Found a bloodstained altar of Trog.
 11982 | D:8      | Reached ** piety under Cheibriados
 12354 | D:8      | Found an iron altar of Okawaru.
 12474 | D:8      | Reached skill level 9 in Fighting
 12603 | D:9      | Noticed a two-headed ogre
 12620 | D:9      | Killed a two-headed ogre
 12620 | D:9      | Reached skill level 2 in Dodging
 12697 | D:9      | Noticed a two-headed ogre
 12721 | D:9      | Killed a two-headed ogre
 12721 | D:9      | Reached skill level 3 in Dodging
 13079 | D:9      | Found a staircase to the Orcish Mines.
 13305 | D:9      | Found a burning altar of Makhleb.
 13339 | D:9      | Noticed a two-headed ogre
 13365 | D:9      | HP: 9/83 [two-headed ogre/giant club (20)]
 13415 | D:9      | Killed a two-headed ogre
 13509 | D:9      | --so many 2h ogres
 13605 | D:9      | Reached skill level 4 in Dodging
 13608 | D:9      | HP: 24/83 [yak (4)]
 13612 | D:9      | Reached *** piety under Cheibriados
 13615 | D:9      | HP: 17/83 [human/hand axe (4)]
 13638 | D:9      | --hm
 13662 | D:9      | Reached skill level 11 in Maces & Flails
 14081 | D:10     | Entered Level 10 of the Dungeon
 14231 | D:10     | Reached XP level 11. HP: 89/89 MP: 11/15
 14423 | D:10     | Reached skill level 5 in Dodging
 14433 | D:10     | --ugh
 14447 | D:10     | HP: 26/89 [porcupine (8)]
 14465 | D:9      | --boo
 14466 | D:9      | HP: 26/89 [porcupine (7)]
 14626 | D:10     | Reached **** piety under Cheibriados
 14689 | D:10     | Noticed a death yak
 14690 | D:10     | Noticed a death yak
 14711 | D:10     | Killed a death yak
 14718 | D:10     | Noticed a death yak
 14725 | D:10     | Killed a death yak
 14730 | D:10     | HP: 5/89 [death yak (26)]
 14988 | D:10     | Killed a death yak
 15008 | D:10     | Reached skill level 6 in Dodging
 15104 | D:10     | Found a shimmering altar of Xom.
 15274 | D:10     | Found a staircase to the Lair.
 15987 | Lair:1   | Entered Level 1 of the Lair of Beasts
 16860 | Lair:2   | Noticed Sonja
 16884 | Lair:2   | Killed Sonja
 16884 | Lair:2   | Reached skill level 12 in Maces & Flails
 16964 | Lair:2   | Found a staircase to the Snake Pit.
 17072 | Lair:2   | Reached skill level 7 in Dodging
 17231 | Lair:2   | Reached ***** piety under Cheibriados
 17270 | Lair:2   | Reached skill level 4 in Summonings
 17278 | Lair:2   | --wow
 17298 | Lair:2   | Noticed a four-headed hydra
 17305 | Lair:2   | Killed a four-headed hydra
 17440 | Lair:2   | Noticed a queen ant
 17540 | Lair:2   | Killed a queen ant
 17540 | Lair:2   | Reached XP level 12. HP: 86/95 MP: 16/16
 17945 | Lair:2   | Learned a level 4 spell: Summon Ice Beast
 17954 | Lair:3   | Reached skill level 5 in Summonings
 18055 | Lair:3   | Reached skill level 8 in Dodging
 18127 | Lair:3   | Found a staircase to the Shoals.
 18262 | Lair:3   | Noticed a four-headed hydra
 18274 | Lair:3   | Killed a four-headed hydra
 18352 | Lair:3   | Reached skill level 6 in Summonings
 18626 | Lair:3   | Noticed a seven-headed hydra
 18632 | Lair:3   | Killed a seven-headed hydra
 18997 | Lair:4   | Reached skill level 9 in Dodging
 19088 | Lair:4   | Noticed a death yak
 19089 | Lair:4   | Noticed a death yak
 19103 | Lair:4   | Killed a death yak
 19118 | Lair:4   | Found a frozen archway.
 19130 | Lair:4   | Reached skill level 7 in Summonings
 19142 | IceCv    | Entered an ice cave
 19194 | IceCv    | Reached ****** piety under Cheibriados
 19866 | IceCv    | Gained mutation: You are in touch with the powers of death. [Mummy growth]
 19866 | IceCv    | Reached XP level 13. HP: 59/101 MP: 15/17
 19943 | IceCv    | Noticed a white draconian
 19961 | IceCv    | Killed a white draconian
 19961 | IceCv    | Reached skill level 10 in Dodging
 19961 | IceCv    | Reached skill level 8 in Summonings
 21678 | Lair:5   | Reached skill level 9 in Summonings
 21966 | Lair:5   | Noticed Snorg
 21984 | Lair:5   | Killed Snorg
 21984 | Lair:5   | Reached skill level 4 in Spellcasting
 22293 | Lair:5   | Found a staircase to the Slime Pits.
 22602 | Lair:6   | Entered Level 6 of the Lair of Beasts
 22812 | Lair:6   | Reached skill level 5 in Spellcasting
 22828 | Lair:6   | Reached skill level 11 in Dodging
 22874 | Lair:6   | Reached skill level 6 in Spellcasting
 23045 | Lair:6   | HP: 24/101 [death yak (23)]
 23047 | Lair:6   | HP: 9/101 [death yak (16)]
 23053 | Lair:6   | --oops
 23053 | Lair:6   | --shitballs
 23054 | Lair:6   | Reached skill level 7 in Spellcasting
 23060 | Lair:5   | --whew
 23301 | Lair:6   | Reached skill level 1 in Invocations
 23344 | Lair:6   | Reached skill level 8 in Spellcasting
 23478 | Lair:6   | Reached skill level 2 in Invocations
 23489 | Lair:6   | HP: 26/101 [death yak (9)]
 23511 | Lair:6   | HP: 29/101 [death yak (11)]
 23558 | Lair:6   | Reached skill level 3 in Invocations
 23707 | Lair:6   | Got an ancient hunting sling
 23715 | Lair:6   | Found a deep blue altar of Sif Muna.
 23820 | Lair:6   | Identified the +5 hunting sling of the Sky {venom, Str+7} (You found it on level 6 of the Lair of Beasts)
 24089 | Lair:6   | Reached skill level 9 in Spellcasting
 24089 | Lair:6   | Reached XP level 14. HP: 108/108 MP: 25/27
 24605 | Orc:1    | Entered Level 1 of the Orcish Mines
 24614 | Orc:1    | Found Uxza Nur's Gadget Shoppe.
 24801 | Orc:1    | Reached skill level 4 in Invocations
 24901 | Orc:1    | Noticed Fannar
 24929 | Orc:1    | Killed Fannar
 25190 | Orc:2    | Entered Level 2 of the Orcish Mines
 25439 | Orc:2    | Reached skill level 10 in Spellcasting
 25664 | Orc:2    | Reached skill level 5 in Invocations
 25812 | Orc:2    | Found a burning altar of Makhleb.
 26091 | Orc:2    | Found a staircase to the Elven Halls.
 26219 | Orc:2    | Found Ihonick's Book Emporium.
 26219 | Orc:2    | Found Ygixtueth's Armour Shop.
 26221 | Orc:2    | Found Qutell's Jewellery Boutique.
 26223 | Orc:2    | Found Osucoic's Antique Armour Shoppe.
 26284 | Orc:2    | Bought a shiny helmet for 142 gold pieces
 26304 | Orc:2    | Bought a smelly ring mail for 171 gold pieces
 26314 | Orc:2    | Identified the +5 ring mail "Peso" {rC+ rN+ MR+ Str+2} (You bought it in a shop on level 2 of the Orcish Mines)
 27011 | D:11     | Reached skill level 11 in Spellcasting
 27011 | D:11     | Reached skill level 6 in Invocations
 27969 | D:12     | Noticed Psyche
 27978 | D:12     | Killed Psyche
 28170 | D:12     | Got a ripped robe
 28181 | D:12     | Identified the +2 robe "Safio" {rElec MR- Str+3} (You found it on level 12 of the Dungeon)
 28290 | D:12     | Noticed Azrael
 28292 | D:12     | --ew
 28295 | D:12     | HP: 22/108 [Azrael/damnation (36)]
 28296 | D:12     | Killed Azrael
 28498 | D:12     | Found a portal to a secret trove of treasure.
 28560 | D:12     | Found a portal to a secret trove of treasure.
 29071 | D:13     | Found a blossoming altar of Fedhas.
 29086 | D:13     | Reached skill level 7 in Invocations
 29127 | D:13     | Reached skill level 12 in Spellcasting
 29293 | D:13     | Reached skill level 1 in Hexes
 29456 | D:13     | Found a gate to the Vaults.
 29473 | D:13     | Reached skill level 2 in Hexes
 30395 | D:14     | Noticed Kirke
 30399 | D:14     | Reached skill level 3 in Hexes
 30399 | D:14     | Reached skill level 8 in Invocations
 30410 | D:14     | Killed Kirke
 30410 | D:14     | Reached XP level 15. HP: 73/113 MP: 17/31
 30492 | D:14     | Reached skill level 4 in Hexes
 30543 | D:14     | Noticed Josephine
 30565 | D:14     | Killed Josephine
 30753 | D:14     | Learned a level 4 spell: Cause Fear
 30757 | D:14     | Noticed Louise
 30774 | D:14     | Killed Louise
 31049 | D:14     | Reached skill level 5 in Hexes
 31049 | D:14     | Reached skill level 9 in Invocations
 31831 | D:15     | Entered Level 15 of the Dungeon
 31909 | D:15     | Reached skill level 1 in Armour
 31967 | D:15     | Reached skill level 2 in Armour
 31976 | D:15     | Noticed a frost giant
 31998 | D:15     | Killed a frost giant
 31998 | D:15     | Reached skill level 3 in Armour
 32401 | D:15     | Noticed Roxanne
 32473 | D:15     | Found a staircase to the Depths.
 32724 | Snake:1  | Entered Level 1 of the Snake Pit
 32725 | Snake:1  | Upgraded the game from 0.21-a0-380-gd65dc97 to 0.21-a0-394-gdc75ea7
 32844 | Snake:1  | Reached skill level 10 in Invocations
 32851 | Snake:1  | Reached skill level 4 in Armour
 33163 | Snake:1  | Reached skill level 5 in Armour
 33289 | Snake:1  | Learned a level 4 spell: Fulminant Prism
 33346 | Snake:1  | Reached skill level 6 in Armour
 33622 | Snake:1  | Found Wuvusom's Antique Armour Boutique.
 33622 | Snake:1  | Found Setzy's Distillery.
 33664 | Snake:1  | Bought a runed helmet for 270 gold pieces
 33664 | Snake:1  | Bought a pair of runed boots for 270 gold pieces
 33664 | Snake:1  | Bought a jewelled scale mail for 324 gold pieces
 33696 | Snake:1  | Identified the cursed +1 scale mail "Yhafros" {Dex+4} (You bought it in a shop on level 1 of the Snake Pit)
 33747 | Snake:1  | Found Euog's Eclectic Emporium.
 34477 | Snake:2  | Noticed a nagaraja
 34492 | Snake:2  | Killed a nagaraja
 34606 | Snake:2  | Noticed a nagaraja
 34610 | Snake:2  | Reached skill level 7 in Armour
 34616 | Snake:2  | Killed a nagaraja
 35295 | Snake:3  | Reached XP level 16. HP: 110/120 MP: 32/32
 35321 | Snake:3  | Reached skill level 8 in Armour
 35520 | Snake:1  | Bought a +0 eveningstar for 180 gold pieces
 35520 | Snake:1  | Bought a scroll of enchant weapon for 90 gold pieces
 36025 | Snake:3  | Identified Neopt's Almanac of Virous Necromancy
 36441 | Snake:3  | Reached skill level 9 in Armour
 36905 | Snake:4  | Entered Level 4 of the Snake Pit
 37251 | Snake:4  | Reached skill level 10 in Armour
 37945 | Snake:4  | HP: 24/120 [naga warrior/short sword (19)]
 38128 | Snake:4  | Reached skill level 11 in Armour
 38243 | Snake:4  | Reached skill level 1 in Shields
 38480 | Snake:4  | Reached skill level 2 in Shields
 38607 | Snake:4  | Reached skill level 3 in Shields
 38609 | Snake:4  | Found an opulent altar of Gozag.
 38798 | Snake:4  | Found Dopudin's Jewellery Emporium.
 38798 | Snake:4  | Found Ciosoyva's Gadget Shop.
 38799 | Snake:4  | Found Buawk's Gadget Shop.
 38846 | Snake:4  | Reached skill level 4 in Shields
 39212 | Snake:4  | Noticed Vashnia
 39290 | Snake:4  | Reached skill level 10 in Fighting
 39823 | Snake:4  | Killed Vashnia
 39823 | Snake:4  | Reached XP level 17. HP: 71/129 MP: 25/33
 40545 | Snake:4  | Reached skill level 11 in Fighting
 40594 | Snake:4  | Got a serpentine rune of Zot
 40806 | Shoals:1 | Entered Level 1 of the Shoals
 41021 | Shoals:1 | --holy shit
 41568 | Shoals:1 | Got a faintly glowing quarterstaff
 42105 | Shoals:2 | Reached skill level 12 in Fighting
 42359 | Shoals:2 | Noticed Jorgrun
 42380 | Shoals:2 | Killed Jorgrun
 42934 | Shoals:3 | Found Malyac's Antique Armour Boutique.
 42960 | Shoals:3 | Bought a shiny buckler for 202 gold pieces
 43304 | Shoals:3 | Reached skill level 13 in Fighting
 43575 | Shoals:3 | Noticed a kraken
 43579 | Shoals:3 | Found Heitoec's Antique Armour Emporium.
 43718 | Shoals:3 | Bought a pair of shimmering boots for 408 gold pieces
 43718 | Shoals:3 | Bought a fine helmet for 408 gold pieces
 43728 | Shoals:3 | Identified the cursed +0 pair of boots of Gozag's Displeasure {rN+ Slay+2} (You bought it in a shop on level 3 of the Shoals)
 43738 | Shoals:3 | Identified the +0 helmet of the Good {Str+3 Int+2} (You bought it in a shop on level 3 of the Shoals)
 43738 | Shoals:3 | --dang
 43761 | Shoals:3 | Bought a pair of glowing gloves for 322 gold pieces
 44074 | Shoals:4 | Entered Level 4 of the Shoals
 44300 | Shoals:4 | Found Buzuck's Weapon Boutique.
 44612 | Shoals:4 | Got a jewelled arbalest {venom}
 44785 | Shoals:4 | Found Qeuv's Distillery.
 44807 | Shoals:4 | Noticed Ilsuiw
 44816 | Shoals:4 | Reached skill level 14 in Fighting
 44843 | Shoals:4 | Killed Ilsuiw
 45006 | Shoals:4 | Noticed Polyphemus
 45051 | Shoals:4 | HP: 26/140 [merfolk javelineer/poisoned javelin (23)]
 45512 | Shoals:4 | Got a colourful robe
 45573 | Shoals:4 | Identified Thaumaturgy, Part Two
 45634 | Shoals:4 | Learned a level 2 spell: Blink
 45642 | Shoals:4 | Learned a level 6 spell: Shadow Creatures
 46185 | Shoals:4 | Reached skill level 15 in Fighting
 46248 | Shoals:4 | Got a barnacled rune of Zot
 46311 | Shoals:4 | Noticed a kraken
 46682 | Vaults:1 | Entered Level 1 of the Vaults
 46683 | Vaults:1 | Upgraded the game from 0.21-a0-394-gdc75ea7 to 0.21-a0-401-g0b6bec4
 46696 | Vaults:1 | Identified the +1 robe "Sielo" {-Tele rPois rF+ Regen+} (You found it on level 4 of the Shoals)
 46698 | Vaults:1 | Identified the +0 arbalest of Muyzoq {venom, *Slow MP+9 Dex+4} (You took it off a merfolk on level 4 of the Shoals)
 46732 | Vaults:1 | HP: 39/142 [vault warden/great sword of flaming (17)]
 47242 | Vaults:1 | Reached XP level 18. HP: 149/149 MP: 20/34
 47417 | Vaults:1 | Got a crude glass ring
 47418 | Vaults:1 | Identified the ring "Zueduth" {rElec rPois rF++ Str-2 Dex+2} (You found it on level 1 of the Vaults)
 47419 | Vaults:1 | --nice
 47538 | Vaults:1 | Got a faintly glowing bone ring
 47547 | Vaults:1 | Identified the ring of Niski {-Tele rC++ Dex+7 SInv} (You took it off an orc knight on level 1 of the Vaults)
 48462 | Vaults:1 | Got an ivory lajatang
 48486 | Vaults:1 | Found Ofynekhle's Magic Scroll Emporium.
 48549 | Vaults:1 | Bought a scroll of enchant weapon for 97 gold pieces
 48549 | Vaults:1 | Bought a scroll of brand weapon for 260 gold pieces
 48590 | Vaults:1 | Reached skill level 13 in Maces & Flails
 49197 | Vaults:2 | --ugh
 49206 | Vaults:2 | Noticed Sojobo
 49469 | Vaults:2 | Found Nilypp's Antique Weapon Emporium.
 49493 | Vaults:2 | Reached skill level 14 in Maces & Flails
 49677 | Vaults:2 | Noticed Mennas
 49677 | Vaults:2 | --ah shitballs
 49702 | Vaults:2 | HP: 31/149 [Mennas/eudemon blade of holy wrath (14)]
 49733 | Vaults:2 | HP: 43/149 [Sojobo/triple sword of electrocution (10)]
 49888 | Vaults:2 | HP: 44/149 [deep elf archer/arrow (25)]
 49894 | Vaults:2 | HP: 40/149 [freezing wraith[the player character] (3)]
 50090 | Vaults:2 | Killed Sojobo
 50386 | Vaults:2 | Got a shimmering great sword {drain}
 50679 | Vaults:2 | Reached skill level 15 in Maces & Flails
 51055 | Vaults:2 | Reached XP level 19. HP: 154/155 MP: 35/35
 51102 | Vaults:2 | Found Jadaes's Magic Scroll Boutique.
 51131 | Vaults:2 | Bought a scroll of enchant weapon for 165 gold pieces
 51739 | Vaults:3 | Found a staircase to the Crypt.
 51739 | Vaults:3 | Found a basalt altar of Yredelemnul.
 51786 | Vaults:3 | Found an ancient bone altar of Kikubaaqudgha.
 52013 | Vaults:3 | Reached skill level 16 in Maces & Flails
 52353 | Vaults:3 | Identified the cursed +0 lajatang "Cynucwu" {drain, rC+ MP+9} (You found it on level 1 of the Vaults)
 52784 | Vaults:3 | Reached skill level 13 in Spellcasting
 53001 | Vaults:3 | Reached skill level 10 in Summonings
 53036 | Vaults:3 | Identified the Compendium of Flying Bewitchment
 53626 | Vaults:4 | HP: 35/155 [vault warden/enchanted halberd (43)]
 53892 | Vaults:4 | Reached skill level 14 in Spellcasting
 54138 | Vaults:4 | Reached skill level 11 in Summonings
 54671 | Vaults:4 | Reached XP level 20. HP: 162/162 MP: 38/38
 54697 | Vaults:4 | Reached skill level 15 in Spellcasting
 55142 | Vaults:4 | Got an ebony arbalest
 55190 | Vaults:4 | Got a fine arbalest
 55277 | Vaults:4 | Identified the cursed +1 arbalest of the Two Names {freeze, Stlth+} (You took it off a vault guard on level 4 of the Vaults)
 55279 | Vaults:4 | Identified the cursed +0 arbalest of Unpleasantness {venom, Str+3 Int-5 Dex+3} (You found it on level 4 of the Vaults)
 55289 | Vaults:4 | Learned a level 7 spell: Haunt
 55295 | Vaults:4 | Learned a level 5 spell: Dispel Undead
 55301 | Vaults:4 | Learned a level 5 spell: Excruciating Wounds
 55494 | Depths:1 | Entered Level 1 of the Depths
 55502 | Depths:1 | Reached skill level 16 in Spellcasting
 55514 | Depths:1 | Reached skill level 1 in Necromancy
 55614 | Depths:1 | Reached skill level 2 in Necromancy
 55648 | Depths:1 | Reached skill level 3 in Necromancy
 55716 | Depths:1 | Reached skill level 4 in Necromancy
 55758 | Depths:1 | Reached skill level 5 in Necromancy
 55911 | Depths:1 | Found a gateway to Hell.
 55947 | Depths:1 | Reached skill level 6 in Necromancy
 56074 | Depths:1 | Reached skill level 7 in Necromancy
 56075 | Depths:1 | HP: 48/162 [phantasmal warrior[a vampire mage] (11)]
 56660 | Depths:1 | Reached skill level 8 in Necromancy
 57094 | Depths:2 | Reached skill level 9 in Necromancy
 57178 | Depths:2 | Noticed Saint Roka
 57192 | Depths:2 | HP: 41/162 [orc priest/divine providence[Saint Roka] (11)]
 57195 | Depths:2 | --wow
 57200 | Depths:2 | HP: 24/162 [Saint Roka/divine providence (12)]
 57405 | Depths:2 | Noticed a juggernaut
 57416 | Depths:2 | Killed a juggernaut
 57423 | Depths:2 | Killed Saint Roka
 57680 | Depths:2 | Reached skill level 10 in Necromancy
 58087 | Depths:2 | Reached skill level 11 in Necromancy
 58437 | Depths:2 | Reached XP level 21. HP: 155/168 MP: 41/41
 58896 | Depths:2 | Got a translucent wooden ring
 59137 | Depths:2 | Identified the ring "Vikipu" {rC+ Stlth+} (You found it on level 2 of the Depths)
 59138 | Depths:2 | Noticed an ancient lich
 59151 | Depths:2 | Killed an ancient lich
 59151 | Depths:2 | Reached skill level 12 in Necromancy
 59178 | Depths:2 | Got a heavily runed lapis lazuli ring
 59179 | Depths:2 | Identified the ring "Xutyf" {rC- Int+7 Stlth-} (You found it on level 2 of the Depths)
 59835 | Depths:3 | Reached skill level 13 in Necromancy
 59917 | Depths:3 | Noticed a greater mummy
 59923 | Depths:3 | Killed a greater mummy
 60148 | Depths:3 | Found Sots's Antique Armour Shop.
 60472 | Depths:3 | Found a shattered altar of Ashenzari.
 60605 | Depths:3 | Found a runed door.
 60605 | Depths:3 | Noticed a golden dragon
 60605 | Depths:3 | HP: 43/168 [titan/the air (24)]
 60606 | Depths:3 | --OH FUCK
 60606 | Depths:3 | --WHY
 60607 | Depths:3 | HP: 15/168 [spriggan air mage/the air (10)]
 60919 | Depths:3 | Found a one-way gate leading to the halls of Pandemonium.
 61323 | Depths:3 | Found a runed door.
 61620 | Depths:3 | Found a one-way gate leading to the halls of Pandemonium.
 61838 | Depths:3 | Killed a golden dragon
 61840 | Depths:3 | Reached skill level 12 in Dodging
 61841 | Depths:3 | Reached skill level 12 in Summonings
 62238 | Vaults:2 | Bought a scroll of acquirement for 1144 gold pieces
 62283 | Vaults:1 | Bought a scroll of acquirement for 676 gold pieces
 62412 | D:12     | You paid a toll of 2 scrolls of acquirement to enter a treasure trove
 62413 | Trove    | Entered a treasure trove
 62423 | Trove    | Got a pair of fine gloves
 62440 | Trove    | Got a steaming platinum ring
 62445 | Trove    | Got an encrusted scale mail
 62519 | D:12     | Identified the +0 pair of gloves "Puacoukh" {+Blink rElec Str+6 Dex-5} (You found it in a treasure trove)
 62550 | D:12     | Identified the +6 scale mail of the Wumpus {Int+3 Slay+6} (You found it in a treasure trove)
 62550 | D:12     | --yes
 62550 | D:12     | --I would enjoy that
 62683 | Vaults:2 | Bought a scroll of brand weapon for 440 gold pieces
 62683 | Vaults:2 | Bought a scroll of torment for 165 gold pieces
 62683 | Vaults:2 | Bought 2 scrolls of teleportation for 132 gold pieces
 62683 | Vaults:2 | Bought a scroll of fear for 77 gold pieces
 62728 | Vaults:1 | Bought a scroll of teleportation for 39 gold pieces
 62728 | Vaults:1 | Bought a scroll of teleportation for 39 gold pieces
 62728 | Vaults:1 | Bought a scroll of fog for 26 gold pieces
 63064 | Depths:4 | Noticed a golden dragon
 63078 | Depths:4 | Killed a golden dragon
 63085 | Depths:4 | HP: 37/168 [yaktaur captain (19)]
 63251 | Depths:4 | Noticed a caustic shrike
 63254 | Depths:4 | Noticed a golden dragon
 63334 | Depths:3 | Killed a caustic shrike
 63430 | Depths:4 | Killed a golden dragon
 63462 | Depths:3 | HP: 48/168 [something (23)]
 63760 | Depths:4 | Reached XP level 22. HP: 145/175 MP: 42/42
 63782 | Depths:4 | Noticed a golden dragon
 64048 | Depths:3 | Killed a golden dragon
 64268 | Depths:4 | Reached skill level 13 in Dodging
 64268 | Depths:4 | Reached skill level 13 in Summonings
 64279 | Depths:4 | Paralysed by an ogre mage for 3 turns
 64301 | Depths:4 | Noticed a caustic shrike
 64308 | Depths:4 | HP: 49/175 [caustic shrike (16)]
 64310 | Depths:4 | HP: 24/175 [caustic shrike (19)]
 64314 | Depths:4 | HP: 5/175 [fire giant/bolt of fire (13)]
 64315 | Depths:4 | --boo
 64316 | Depths:4 | --I think I need to teleport, but if I do, odds of death are high
 64321 | Depths:4 | HP: 6/175 [caustic shrike (6)]
 64321 | Depths:4 | Splashed by a caustic shrike's acid

Vault maps used:
D:1:      dpeg_arrival_concentric_ovals, lemuel_flame_loot_1
D:2:      serial_undead, serial_undead_b, serial_undead_c, serial_undead_d,
          serial_undead_a
D:3:      chequers_ecumenical_altar_twisty
D:4:      first_bread
D:5:      black_bear_nest_2, nicolae_tso_carved_into_rock, kennysheep_mini,
          uniq_menkaure
D:6:      nicolae_overflow_hidden_temple, gammafunk_temple_overflow_claw,
          grunt_qazlal_sundering
D:7:      led_sif_book, grunt_gozag_breadcrumbs, lemuel_crystal_altar,
          minmay_temple_entry_statues
D:8:      lemuel_coloured_pillars_altar, serial_shops, shop, basic_altar
D:9:      grunt_livestock, makhleb_blood_cavern_becter
D:10:     dpeg_lair_monsters, basic_altar, minmay_variable_closet
D:12:     enter_trove_6, eino_small_chamber_without_monster, uniq_azrael,
          uniq_psyche
D:13:     erik_vaults_1, special_room, basic_altar, serial_co_window_serial,
          co_window_paths_b, co_window_paths_b, co_window_corner_a,
          co_window_paths_b, co_window_of_opportunity_a,
          co_window_of_opportunity_a, co_window_paths_a,
          co_window_of_opportunity_b, co_window_cross_4, co_window_broadway_a,
          co_window_paths_e, glass_columns_a
D:14:     moated_statue, uniq_louise, uniq_kirke, uniq_josephine
D:15:     grunt_enter_depths_snipers, serial_park_tiny_pond, uniq_roxanne
Temple:   nicolae_temple_hex_pool
Lair:2:   guppyfry_snake_entry_garden, minmay_another_anthill, uniq_sonja
Lair:3:   elwin_shoals_entry_rocks, ldierk_geyser
Lair:4:   lemuel_reptile_caves, portal_ice_cave_entry_pillars_2,
          lemuel_fruit_tree, minmay_lair_oklob_chamber, grunt_megastairs_1
Lair:5:   nicolae_slime_entry_slimehenge, uniq_snorg
Lair:6:   minmay_lair_end_enchanted_forest, basic_altar,
          minmay_stone_trees_medium, st_stairs_4,
          grunt_forest_large_clearing_hut
Shoals:1: cheibrodos_shoals_oceanic_diplomacy, nicolae_shoals_drake_roost
Shoals:2: nicolae_shoals_water_elemental_grotto, uniq_jorgrun
Shoals:3: serial_shops, shop, nicolae_shop_crystal, nicolae_shoals_so_close
Shoals:4: shoals_end_simple, shoal_ilsuiw, serial_shops, shop,
          nicolae_shop_statue_plus, uniq_polyphemus
Snake:1:  nicolae_alphabet_shops, minmay_shoptagon
Snake:4:  johnstein_snake_rune_scales, lemuel_oklob_altar, grunt_megastairs_2,
          serial_bayou_shore_b, serial_bayou_shore_a, serial_bayou_shore_b,
          minmay_shop_grove
Orc:1:    serial_shops, shop, uniq_fannar
Orc:2:    st_orc_rangers, basic_altar
Vaults:1: nicolae_vaults_circle_grid_a, nicolae_vaults_network_star,
          hangedman_vaults_maws, v_pattern_2, ontoclasm_vaults_ligature,
          v_misc_32, nicolae_vaults_little_squares_2, nicolae_vaults_murderbox,
          serial_shops, nicolae_shop_trees
Vaults:2: hangedman_vaults_hat, v_misc_28, st_hourglassy, v_pattern_5,
          nicolae_vaults_inception_scallops, vaults_mumra_hex,
          vaults_room_corners, v_misc_24, ontoclasm_vaults_shuriken,
          grunt_vaults_bifocal, vaults_standard_mumra_x, serial_shops,
          shop_statue, shop, uniq_mennas, uniq_sojobo
Vaults:3: nicolae_vaults_ninety_degrees, grunt_vaults_focal,
          nicolae_vaults_circle_grid_b, vaults_dpeg_hooks,
          ontoclasm_vaults_pinch, v_misc_14, dpeg_vaults_monster_row, v_rooms_5,
          v_pattern_4, ontoclasm_vaults_eye, minmay_crypt_entry_necro_gods,
          v_misc_11
Vaults:4: v_misc_9, nicolae_vaults_angled_halls, nicolae_vaults_what_the_h,
          nicolae_vaults_little_ls, nicolae_vaults_triangles,
          ontoclasm_vaults_fault, nicolae_vaults_circle_grid_a, v_rooms_5,
          vaults_room_pool, ontoclasm_vaults_chip,
          nicolae_vaults_little_squares_3, vaults_room_door_ring,
          nicolae_vaults_yaktaur_gun_rack, ontoclasm_vaults_hangar,
          nicolae_vaults_rhombus_5, v_misc_16, nicolae_vaults_ring_of_whatevers
Depths:1: hangedman_coc_ice_floe, moated_statue, serial_bayou_pond_c,
          minmay_misc_feat_square, minmay_misc_feat_diagonals,
          minmay_pinched_square
Depths:2: constructs_gauntlet_mu_hangedman, hell_entry, minmay_misc_feat_doors,
          infiniplex_staircase_star, basic_stair_grate_trap, uniq_saint_roka
Depths:3: lemuel_minitomb, serial_shops, nicolae_shop_waterfront, hell_entry,
          grunt_pan_entry_zigzag, evilmike_ruin_ashenzari, lightli_gold_pyramid
Depths:4: minmay_heptahexagon, serial_sigils_hangedman_etch,
          minmay_room_of_horrors, hell_entry, infiniplex_staircase_x
Trove:    trove_simple
IceCv:    ice_cave_small_giant

Action                   |  1- 3 |  4- 6 |  7- 9 | 10-12 | 13-15 | 16-18 | 19-21 | 22-24 || total
-------------------------+-------+-------+-------+-------+-------+-------+-------+-------++-------
Melee: Unarmed           |    10 |       |       |       |       |       |       |       ||    10
       Whip              |   109 |   155 |   326 |   925 |  1580 |  1215 |       |       ||  4310
       Dagger            |     1 |       |       |       |       |       |       |       ||     1
       Great mace        |       |       |       |    12 |    25 |       |       |       ||    37
       Halberd           |       |       |       |       |    26 |       |       |       ||    26
       Eveningstar       |       |       |       |       |       |   434 |  1489 |    80 ||  2003
Throw: Javelin           |       |       |       |     2 |     1 |     2 |     3 |       ||     8
 Cast: Summon Small Mamm |    23 |    65 |     5 |    19 |    10 |    15 |       |       ||   137
       Call Canine Famil |       |     5 |    29 |    64 |    62 |   101 |    17 |       ||   278
       Call Imp          |       |     4 |    37 |    72 |    20 |    21 |     6 |       ||   160
       Summon Ice Beast  |       |       |       |     5 |    72 |   159 |       |       ||   236
       Summon Lightning  |       |       |       |     2 |    33 |    95 |     3 |       ||   133
       Confuse           |       |       |       |       |    12 |   112 |    10 |     2 ||   136
       Fulminant Prism   |       |       |       |       |     2 |     1 |       |       ||     3
       Cause Fear        |       |       |       |       |       |     4 |     1 |       ||     5
       Shadow Creatures  |       |       |       |       |       |    43 |    76 |     1 ||   120
       Dispel Undead     |       |       |       |       |       |       |     9 |       ||     9
       Blink             |       |       |       |       |       |       |     2 |     2 ||     4
       Haunt             |       |       |       |       |       |       |     1 |     2 ||     3
Invok: Slouch            |       |       |       |       |    26 |    10 |    17 |     2 ||    55
       Temporal Distorti |       |       |       |       |     2 |     5 |     1 |     1 ||     9
       Step From Time    |       |       |       |       |       |     5 |     4 |       ||     9
 Abil: Evoke Flight      |       |       |       |       |       |       |     4 |       ||     4
Evoke: Wand              |       |       |       |    10 |     5 |    14 |     2 |       ||    31
       Phantom mirror    |       |       |       |       |     1 |     2 |       |       ||     3
       Box of beasts     |       |       |       |       |       |     2 |       |       ||     2
  Use: Scroll            |       |     1 |     6 |    14 |    22 |    29 |    24 |     2 ||    98
 Stab: Sleeping          |     3 |     1 |       |     2 |     4 |     5 |    11 |       ||    26
       Distracted        |       |     1 |     4 |    23 |    16 |    42 |    16 |       ||   102
       Confused          |       |       |       |       |       |    19 |     9 |       ||    28
       Fleeing           |       |       |       |       |       |     1 |       |       ||     1
Armor: Robe              |    25 |    24 |       |       |       |       |       |       ||    49
       Ring mail         |       |     3 |   110 |   220 |   344 |   499 |   427 |       ||  1603
       Chain mail        |       |       |       |       |    60 |       |       |       ||    60
       Scale mail        |       |       |       |       |       |       |    42 |    43 ||    85
Dodge: Dodged            |    82 |    96 |   157 |   612 |  1236 |  1204 |  1058 |    67 ||  4512
Block: Buckler           |       |       |       |       |       |   348 |   470 |    23 ||   841

Skill      XL: |  1  2  3  4  5  6  7  8  9 10 11 12 13 14 15 16 17 18 19 20 21 22 |
---------------+-------------------------------------------------------------------+-----
Spellcasting   | 3 9 12 14 16 | 16.0
Maces & Flails | 1 2 3 4 6 7 8 9 11 12 15 16 | 16.0
Fighting       | 2 5 8 9 10 15 | 15.0
Dodging        | 4 7 9 11 12 13 | 13.1
Summonings     | 4 7 9 11 12 13 | 13.0
Invocations    | 3 8 10 | 10.0
Hexes          | 3 5 |  5.0
Armour         | 7 11 | 11.0
Shields        | 4 |  4.0
Necromancy     | 11 13 | 13.0
Stealth        | |  1.5
